 Dungeon Crawl Stone Soup version 0.25-b1-46-gb8a1ec05df (webtiles) character file.

Game seed: 17403241942844040673

1465 gruber the Shield-Bearer (level 8, 0/65 HPs)
             Began as a Demonspawn Fighter on June 10, 2020.
             Was an Initiate of Kikubaaqudgha.
             Succumbed to a killer bee's poison
             ... on level 7 of the Dungeon.
             The game lasted 00:11:19 (7715 turns).

gruber the Shield-Bearer (Demonspawn Fighter)       Turns: 7715, Time: 00:11:19

Health: 0/65       AC:  8    Str: 18    XL:     8   Next: 48%
Magic:  3/8        EV:  8    Int: 18    God:    Kikubaaqudgha [......]
Gold:   168        SH: 10    Dex: 14    Spells: 6/7 levels left

rFire    . . .     SeeInvis +   B - +1 rapier (speed)
rCold    . . .     Gourm    .   c - +0 kite shield
rNeg     . . .     Faith    .   a - +0 ring mail "Fuocux" {+Inv Int+9} (curse)
rPois    .         Spirit   +   (helmet restricted)
rElec    .         Reflect  .   D - +1 cloak
rCorr    .         Harm     .   (no gloves)
MR       .....                  (no boots)
Stlth    ..........             g - amulet of magic regeneration
HPRegen  0.20/turn              h - ring of attention (curse)
MPRegen  0.36/turn              w - ring of see invisible

@: mighty, lethally poisoned (0 -> -22)
A: antennae 1, rugged brown scales 1, demonic guardian 1, magic shield
a: Renounce Religion, Evoke Invisibility


You were on level 7 of the Dungeon.
You worshipped Kikubaaqudgha.
Kikubaaqudgha was noncommittal.
You were hungry.

You visited 2 branches of the dungeon, and saw 8 of its levels.
You also visited: Sewer.

You collected 343 gold pieces.
You spent 175 gold pieces at shops.

Inventory:

Hand Weapons
 l - a +2 short sword of protection
 z - a +2 dagger of venom
 B - a +1 rapier of speed (weapon)
Missiles
 I - 7 atropa-tipped darts (quivered)
Armour
 a - the cursed +0 ring mail "Fuocux" (worn) {+Inv Int+9}
   (You found it on level 5 of the Dungeon)

   It affects your intelligence (+9).
   It lets you turn invisible.
   It has a curse placed upon it.
 c - a +0 kite shield (worn)
 D - a +1 cloak (worn)
Jewellery
 g - an amulet of magic regeneration (around neck)
 h - a cursed ring of attention (left hand)
 q - an uncursed amulet of faith {unknown}
 w - a ring of see invisible (right hand)
 H - an uncursed amulet of the acrobat {unknown}
Wands
 C - a wand of enslavement (8)
 K - a wand of acid (7)
Scrolls
 e - 2 scrolls of blinking {unknown}
 i - 4 scrolls of identify
 m - a scroll of enchant armour {unknown}
 o - a scroll of magic mapping {unknown}
 s - 4 scrolls of remove curse {unknown}
 t - 5 scrolls of teleportation {unknown}
 u - a scroll of random uselessness {unknown}
 y - a scroll of amnesia {unknown}
 J - a scroll of enchant weapon {unknown}
Potions
 d - 5 potions of might
 j - 5 potions of degeneration {unknown}
 k - 2 potions of berserk rage {unknown}
 n - a potion of lignification {unknown}
 p - 6 potions of curing {unknown}
 r - 7 potions of heal wounds {unknown}
 v - a potion of cancellation {unknown}
 x - 3 potions of haste {unknown}
 A - a potion of invisibility {unknown}
 E - a potion of flight {unknown}
 F - a potion of brilliance {unknown}
 G - a potion of stabbing {unknown}
Comestibles
 f - 14 rations


   Skills:
 - Level 6.2 Fighting
   Level 3.0 Maces & Flails
 - Level 2.6 Armour
 - Level 7.0 Shields
 * Level 5.3 Necromancy


You had 6 spell levels left.
You knew the following spells:

 Your Spells              Type           Power        Failure   Level  Hunger
a - Animate Skeleton      Necr           N/A          12%         1    ##.....

Your spell library contained the following spells:

 Spells                   Type           Power        Failure   Level  Hunger
 Apportation              Tloc           #.....       71%         1    ##.....
 Corona                   Hex            #......      71%         1    ##.....
 Summon Small Mammal      Summ           #...         71%         1    ##.....


Dungeon Overview and Level Annotations

Branches:
Dungeon (7/15)             Temple (1/1) D:5           Sewer (visited)

Altars:
Ashenzari
Cheibriados
Dithmenos
Elyvilon
Gozag
Hepliaklqana
Kikubaaqudgha
Makhleb
Nemelex Xobeh
Okawaru
Qazlal
Ru
Sif Muna
Trog
Uskayaw
Vehumet
Xom
Yredelemnul
Zin
The Shining One

Shops:
D:5 %(}(


Innate Abilities, Weirdness & Mutations

You have a pair of small antennae on your head.
You are partially covered in rugged brown scales. (AC +1, +3% HP)
A weak demonic guardian rushes to your aid.
When hurt, damage is shared between your health and your magic reserves.


Message History

You feel sick.
The killer bee stings you but does no damage.
You block the killer bee's attack. x2
You puncture the killer bee!
The killer bee is almost dead.
* * * LOW HITPOINT WARNING * * *
You feel sick. The killer bee stings you.
* * * LOW HITPOINT WARNING * * *
You block the killer bee's attack. x2; The killer bee barely misses you.
You closely miss the killer bee.
The killer bee is almost dead.
* * * LOW HITPOINT WARNING * * *
You feel sick. The killer bee completely misses you.
The killer bee stings you but does no damage. x2
The killer bee barely misses you.
You hit the killer bee.
You kill the killer bee!
Kikubaaqudgha accepts your kill.
You die...
Kikubaaqudgha rasps: "You have failed me!
Welcome... death!"

#............##.
..##...#...............
......##....##........
.....########........
....... #......###
##....> #......# #..yyy
##.....# #..y.#
######.....##.
####@###...##........
#.5........#......###
#..........#......##.
#..........#.........
#..........#.........
##....##...#.........
##....##...##........
#.....##...##.....##.
#.................###


You could see 4 killer bees and a friendly ufetubus (summoned).

Vanquished Creatures
  A sky beast (D:5)
  3 ogres
  A big kobold (Sewer)
  A scorpion (D:7)
  2 killer bees (D:7)
  2 howler monkeys
  A crimson imp (D:5)
  2 bullfrog zombies
  A centaur zombie (D:5)
  A gnoll shaman (D:6)
  2 orc priests
  A hound (D:5)
  4 orc wizards
  5 worker ants
  4 gnolls (D:6)
  9 adders
  2 oozes
  2 adder zombies
  An adder skeleton (D:6)
  6 worms
  4 leopard geckos
  11 orcs
  9 bats
  7 giant cockroaches
  14 goblins
  4 hobgoblins (D:1)
  19 jackals
  20 kobolds
  3 quokkas
  2 ball pythons (Sewer)
  7 frilled lizards
  A leopard gecko skeleton (D:6)
  7 rats
159 creatures vanquished.

Vanquished Creatures (collateral kills)
  An ogre (D:5)
  A scorpion (D:7)
  A bullfrog skeleton (D:5)
  An ooze (D:5)
  2 kobolds (Sewer)
6 creatures vanquished.

Grand Total: 165 creatures vanquished

Notes
Turn   | Place    | Note
-------+----------+-------------------------------------------
     0 | D:1      | gruber the Demonspawn Fighter began the quest for the Orb.
     0 | D:1      | Reached XP level 1. HP: 18/18 MP: 1/1
   191 | D:1      | Gained mutation: You are partially covered in rugged brown
                  | scales. (AC +1, +3% HP) [demonic ancestry]
   191 | D:1      | Reached XP level 2. HP: 18/24 MP: 2/2
  1230 | D:2      | Reached XP level 3. HP: 29/29 MP: 3/3
  1354 | D:2      | Noticed an ogre
  1364 | D:2      | HP: 1/29 [ogre/+0 giant club (16)]
  1368 | D:2      | Killed an ogre
  1368 | D:2      | Reached XP level 4. HP: 2/39 MP: 4/4
  1913 | D:2      | Reached skill level 5 in Fighting
  2022 | D:2      | Gained mutation: When hurt, damage is shared between your
                  | health and your magic reserves. [demonic ancestry]
  2022 | D:2      | Reached XP level 5. HP: 24/45 MP: 5/5
  3332 | D:3      | Reached XP level 6. HP: 51/53 MP: 4/6
  3344 | D:3      | Found a sacrificial altar of Ru.
  3832 | D:4      | Reached skill level 3 in Shields
  4158 | D:4      | Found an iron altar of Okawaru.
  4179 | D:4      | Reached skill level 4 in Shields
  4248 | D:4      | Gained mutation: A weak demonic guardian rushes to your
                  | aid. [demonic ancestry]
  4248 | D:4      | Reached XP level 7. HP: 55/59 MP: 7/7
  4908 | D:5      | Entered Level 5 of the Dungeon
  4915 | D:5      | Reached skill level 5 in Shields
  5132 | D:5      | Found Picwosi's Food Boutique.
  5171 | D:5      | Found Xanwuh's Gadget Shoppe.
  5202 | D:5      | Reached skill level 6 in Shields
  5266 | D:5      | Found Hoxkieph's Antique Weapon Shoppe.
  5322 | D:5      | Found a staircase to the Ecumenical Temple.
  5467 | D:5      | Found a glowing drain.
  5488 | Sewer    | Entered a sewer
  5824 | Sewer    | Gained mutation: You have a pair of small antennae on your
                  | head. [demonic ancestry]
  5824 | Sewer    | Reached XP level 8. HP: 64/65 MP: 8/8
  5943 | D:5      | Found an opulent altar of Gozag.
  6022 | D:5      | Bought a glowing rapier for 175 gold pieces
  6042 | D:5      | Found Appuokel's Weapon Shop.
  6117 | D:5      | Got a twisted ring mail
  6118 | D:5      | Identified the cursed +0 ring mail "Fuocux" {+Inv Int+9}
                  | (You found it on level 5 of the Dungeon)
  6132 | D:5      | Learned a level 1 spell: Animate Skeleton
  6167 | Temple   | Entered the Ecumenical Temple
  6327 | Temple   | Became a worshipper of Kikubaaqudgha
  6379 | D:5      | Reached skill level 7 in Shields
  6396 | D:6      | Reached skill level 1 in Necromancy
  6478 | D:6      | Found a hide-covered altar of Uskayaw.
  7708 | D:7      | Reached skill level 5 in Necromancy
  7714 | D:7      | HP: 2/65 [poisoned by a killer bee]
  7715 | D:7      | Succumbed to a killer bee's poison

Illustrated notes

Levels and vault maps discovered:
D:1:      dpeg_arrival_radiant, layout_basic, grunt_decor_cap
D:2:      layout_loops_corners
D:3:      layout_basic, lemuel_doored_altar, first_ration
D:4:      layout_loops_ring, overflow_temple_1_default
D:5:      layout_cave_pools, lemuel_round_altar, minmay_temple_entry_trees,
          serial_shops, nicolae_shop_statue_plus, nicolae_shop_stone, shop,
          shop, gup_sewer_entry_bubbles
D:6:      layout_basic, eat_drink_and_be_merry_uskayaw, lemuel_flamethrower_2
D:7:      layout_gridville
Temple:   lightli_temple_of_artemis

Skill      XL: |  1  2  3  4  5  6  7  8 |
---------------+-------------------------+-----
Maces & Flails | 2 3 |  3.0
Fighting       | 4 5 6 |  6.2
Shields        | 4 6 7 |  7.0
Necromancy     | 5 |  5.3
Armour         | |  2.6

Action                   |  1- 3 |  4- 6 |  7- 9 || total
-------------------------+-------+-------+-------++-------
Melee: Flail             |    42 |       |       ||    42
       Short sword       |    42 |   254 |    72 ||   368
       Dagger            |       |       |   177 ||   177
       Rapier            |       |       |   173 ||   173
 Cast: Animate Skeleton  |       |       |     1 ||     1
  Use: Scroll            |       |       |     1 ||     1
       Potion            |       |       |     1 ||     1
 Stab: Distracted        |       |       |     1 ||     1
  Eat: Chunk             |     1 |     9 |    12 ||    22
Armor: Scale mail        |    33 |   149 |   121 ||   303
       Ring mail         |       |       |    42 ||    42
Dodge: Dodged            |    14 |    88 |   111 ||   213
Block: Kite shield       |    34 |   130 |   244 ||   408
